 Dungeon Crawl Stone Soup version 0.29-a0-334-gb41bcbb86e (webtiles) character file.

Game seed: 13427463164904561454

61 spaghetti the Magician (level 4, 25/27 HPs)
             Began as an Octopode Hedge Wizard on Apr 14, 2022.
             Quit the game on level 3 of the Dungeon.
             The game lasted 00:04:45 (2622 turns).

spaghetti the Magician (Octopode Hedge Wizard)      Turns: 2622, Time: 00:04:45

Health: 25/27      AC:  1    Str:  9    XL:     4   Next: 7%
Magic:  5/10       EV: 13    Int: 18    God:
Gold:   72         SH:  0    Dex: 11    Spells: 6/12 levels left

rFire   . . .      SeeInvis .   a - +0 dagger {short}
rCold   . . .      Faith    .   (no shield)
rNeg    . . .      Spirit   .   b - +0 hat
rPois   .          Reflect  .   (no amulet)
rElec   .          Harm     .   (no ring)
rCorr   .          Rampage  .   (no ring)
Will    .....                   (no ring)
Stlth   +++.......              (no ring)
HPRegen 0.09/turn               (no ring)
MPRegen 0.12/turn               (no ring)
                                (no ring)
                                (no ring)

@: very slightly contaminated
A: almost no armour, amphibious, 8 rings, camouflage 1, gelatinous body 1,
(nimble swimmer 1), tentacles
a: no special abilities


You were on level 3 of the Dungeon.
You visited 1 branch of the dungeon, and saw 3 of its levels.

You collected 72 gold pieces.


Innate Abilities, Weirdness & Mutations

You cannot wear most types of armour.
You are amphibious.
You can wear up to eight rings at the same time.
Your skin changes colour to match your surroundings (Stealth+).
Your rubbery body absorbs attacks. (AC +1, EV +1)
((You are camouflaged when in or above water. (Stealth+)))
You have tentacles for arms and can constrict up to eight enemies at once.


   Skills:
 - Level 2.0 Dodging
 - Level 2.6 Stealth
 + Level 4.5 Spellcasting
 - Level 1.0 Conjurations
 - Level 1.0 Summonings
 - Level 1.0 Translocations


You had 6 spell levels left.
You knew the following spells:

 Your Spells              Type           Power      Damage    Failure   Level
a - Magic Dart            Conj           28%        1d4       10%         1
b - Call Imp              Summ           7%         N/A       14%         2
c - Call Canine Familiar  Summ           7%         N/A       28%         3

Your spell library contained the following spells:

 Spells                   Type           Power      Damage    Failure   Level
 Slow                     Hex            16%        N/A       14%         1
 Blink                    Tloc           14%        N/A       14%         2
 Ensorcelled Hibernation  Hex/Ice        8%         N/A       22%         2
 Passwall                 Tmut/Erth      3%         N/A       22%         2
 Conjure Flame            Conj/Fire      5%         6-21      34%         3
 Portal Projectile        Hex/Tloc       10%        N/A       34%         3
 Mephitic Cloud           Conj/Pois/Air  5%         N/A       36%         3
 Swiftness                Air            4%         N/A       38%         3
 Leda's Liquefaction      Hex/Erth       2%         N/A       80%         4

Inventory:

Hand Weapons
 a - a +0 dagger (weapon) {short}
Missiles
 d - 8 stones {throwing}
Armour
 b - a +0 hat (worn)
Scrolls
 e - 2 scrolls of identify {unknown}
 f - a scroll of blinking {unknown}
 g - 2 scrolls of magic mapping {unknown}
 h - 3 scrolls of enchant armour {unknown}
Potions
 c - a potion of magic
 i - a potion of mutation {unknown}
 j - a potion of invisibility {unknown}

Dungeon Overview and Level Annotations

Branches:
Dungeon (3/15)

Altars:
Ru

# . # .. # #### .. #
#..# ). # #..# o# #
##.#### ######..# #
#....####...@...#
#####.##.#....#####.#
##.........####
#.........##
...........#
...........#
.............
..........##.
.....<....# ..


You could see an orc priest.


Message History

A kobold is nearby!
The magic dart hits the kobold but does no damage.
The kobold shouts! 😎 MP[-1]
You lost 1 mp, and now have 8/9 mp.
No target in view!
No target in view!
No target in view!
No target in view!
No target in view!
No target in view!
No target in view!
No target in view!
A kobold is nearby!
A kobold is nearby!
The magic dart hits the kobold.
A goblin comes into view. It is wielding a +0 dagger. 😎 MP[-1]
You lost 1 mp, and now have 7/9 mp.
The magic dart hits the kobold but does no damage.
The goblin shouts!
You hit the kobold but do no damage. Your grab misses the kobold.
Your squeeze misses the kobold. The kobold barely misses you. 😎 MP[-1]
You lost 1 mp, and now have 6/9 mp.
You hit the kobold.
You kill the kobold!
You have reached level 4! 😎 HP[+6]
You now have 27 max hp (+6).
Your hp is fully restored (27).
A goblin is nearby!
The magic dart hits the goblin.
You kill the goblin! 😎 MP[-1]
You lost 1 mp, and now have 5/10 mp.
No target in view!
No target in view!
No target in view!
No target in view!
No target in view!
No target in view!
No target in view!
No target in view!
No target in view!
No target in view!
No target in view!
h - 3 scrolls labelled ABLACHEUMN (gained 1)
You see here a +0 whip {mace}. 😎 MP[+5]
Your mp is fully restored (10).
You see here a +0 dagger {short}.
You see here a +0 pair of gloves.
Key pressed, stopping explore.
You now have 72 gold pieces (gained 5).
You see here a +0 pair of gloves.
You see here a +0 leather armour.
Key pressed, stopping explore.
j - a fuming silvery potion No target in view!
Found an escape hatch in the ceiling.
Key pressed, stopping explore.
An orc comes into view. It is wielding a +0 dagger.
The magic dart hits the orc.
The orc shouts!
You hear a shout! 😎 MP[-1]
You lost 1 mp, and now have 9/10 mp.
The magic dart hits the orc.
The magic dart hits the orc.
You kill the orc!
An orc comes into view. It is wielding a +0 rapier.
An orc priest comes into view. It is wielding a +0 whip.
You miscast Magic Dart.
You are very lightly contaminated with residual magic.
Nothing appears to happen.
The orc priest shouts! 😎 MP[-3]
You lost 3 mp, and now have 6/10 mp.
The magic dart hits the orc priest.
The orc priest invokes the aid of Beogh against you.
Pain shoots through your body! 😕 HP[-2] MP[-1]
You take 2 damage, and now have 25/27 hp.
You lost 1 mp, and now have 5/10 mp.
You are too injured to fight recklessly!
You are too injured to fight recklessly!
You are too injured to fight recklessly!
You are too injured to fight recklessly!
You are too injured to fight recklessly!
You are too injured to fight recklessly!
You are too injured to fight recklessly!
You are too injured to fight recklessly!
You are too injured to fight recklessly!
You are too injured to fight recklessly!
You are too injured to fight recklessly!
You are too injured to fight recklessly!
You are too injured to fight recklessly!
You are too injured to fight recklessly!
You are too injured to fight recklessly!
You are too injured to fight recklessly!
Are you sure you want to abandon this character and quit the game? (Confirm with "yes".)

Skill      XL: |  1  2 |
---------------+-------+-----
Spellcasting   | 4 |  4.5
Dodging        | |  2.0
Stealth        | |  2.6
Conjurations   | |  1.0
Summonings     | |  1.0
Translocations | |  1.0

Action                   |  1- 3 |  4- 6 || total
-------------------------+-------+-------++-------
Melee: Dagger            |    42 |       ||    42
       Constrict         |    11 |       ||    11
       Tentacles         |     5 |       ||     5
       Punch             |     1 |       ||     1
 Cast: Magic Dart        |    49 |     5 ||    54
 Stab: Sleeping          |     7 |       ||     7
Armor: Skin              |     2 |       ||     2
Dodge: Dodged            |    18 |       ||    18

Levels and vault maps discovered:
D:1:      dpeg_arrival_boxorama, layout_basic, ebering_ecumenical_altar_ruins,
          minmay_hexomino_r4
D:2:      layout_basic, nicolae_elevator_lobby_plus
D:3:      layout_rooms

Notes
Turn   | Place    | Note
-------+----------+-------------------------------------------
     0 | D:1      | spaghetti the Octopode Hedge Wizard began the quest for the
                  | Orb.
     0 | D:1      | Reached XP level 1. HP: 11/11 MP: 4/4
     0 | D:1      | magus.rc [v1.9.6]
   150 | D:1      | Reached XP level 2. HP: 17/17 MP: 6/6
   152 | D:1      | HP: 3/17 [quokka (4)]
   650 | D:1      | Found a sacrificial altar of Ru.
   824 | D:2      | You pick up a book of the Hunter and begin reading...
   824 | D:2      | You add the spells Call Canine Familiar, Portal Projectile
                  | and Leda's Liquefaction to your library.
   880 | D:2      | Reached skill level 4 in Spellcasting
   880 | D:2      | Reached XP level 3. HP: 21/21 MP: 1/8
   883 | D:2      | Learned a level 2 spell: Call Imp
   887 | D:2      | Learned a level 3 spell: Call Canine Familiar
  1256 | D:2      | You pick up a book of Burglary and begin reading...
  1256 | D:2      | You add the spells Passwall, Ensorcelled Hibernation and
                  | Swiftness to your library.
  2497 | D:3      | Reached XP level 4. HP: 27/27 MP: 6/10
  2622 | D:3      | Quit the game

Vanquished Creatures
  2 adders
  A dart slug (D:2)
  An orc (D:3)
  2 endoplasms
  A giant cockroach (D:1)
  5 hobgoblins
  3 quokkas
  6 ball pythons
  2 bats
  A frilled lizard (D:3)
  5 goblins
  8 kobolds
  2 rats
39 creatures vanquished.

Table legend:
 A = Non-vault XP
 B = Vault XP
 C = Vault XP percentage of total XP
 D = Non-vault monster count
 E = Vault monster count
 F = Vault count percentage of total count
                 A         B        C        D         E       F
            +---------+---------+-------+---------+---------+-------
      Total |      85 |       3 |   3.4 |      37 |       2 |   5.1
            +---------+---------+-------+---------+---------+-------
        D:1 |      21 |       3 |  12.5 |      14 |       2 |  12.5
        D:2 |      42 |       0 |   0.0 |      17 |       0 |   0.0
        D:3 |      22 |       0 |   0.0 |       6 |       0 |   0.0
            +---------+---------+-------+---------+---------+-------

Illustrated notes

Table legend:
 A = Kills in this place as a percentage of kills in entire the game.
 B = Kills by you in this place as a percentage of kills by you in the entire game.
 C = Kills by friends in this place as a percentage of kills by friends in the entire game.
 D = Other kills in this place as a percentage of other kills in the entire game.
 E = Experience gained in this place as a percentage of experience gained in the entire game.
 F = Experience gained in this place divided by the number of levels of this place that you have seen.
                   A       B       C       D       E      F
               +-------+-------+-------+-------+-------+----------------------
         Total | 100.0 | 100.0 |   N/A |   N/A | 100.0 |  29.3
       Dungeon | 100.0 | 100.0 |   N/A |   N/A | 100.0 |  29.3
               +-------+-------+-------+-------+-------+----------------------

Table legend: (Time is in decaauts)
 A = Elapsed time spent in this place.
 B = Non-inter-level travel time spent in this place.
 C = Inter-level travel time spent in this place.
 D = Time resting spent in this place.
 E = Time spent auto-exploring this place.
 F = Levels seen in this place.
 G = Mean time per level.
                   A        B        C        D        E       F      G
               +--------+--------+--------+--------+--------+-----+--------+
         Total |   2621 |   2542 |     79 |    371 |   1909 |   3 |  873.7 |
       Dungeon |   2621 |   2542 |     79 |    371 |   1909 |   3 |  873.7 |
               +--------+--------+--------+--------+--------+-----+--------+

Top non-repeatable levels by time:
     D:2: 1728 daAuts
     D:1: 658 daAuts
     D:3: 234 daAuts
